AoeStats
← Gurk Han

Arena

509906034Analyzed
2v2 RM · 3d ago on Sep 28, 2026· 43m 51s· 4 players
Game mode
Random Map
Map size
Medium (4 player)
Population
200
Speed
Normal
Resources
Standard
Victory
Conquest
Starting age
Dark Age
Ending age
Imperial Age
RankedLock teamsTeams togetherTeam positionsShared explorationLock speedFull tech treeHidden civsTurbo modeCheats
Victory
Defeat
🇹🇷 Franks · Türkiye
896
+16
🇹🇷 Slavs · Türkiye
894
+16
🇫🇮 Byzantines · Finland
918
-18
🇫🇮 Chinese · Finland
855
-14
Siege Ubsessed
0:33 Loom
10:20 Feudal Age
15:50 Castle Age
14:24 Double-Bit Axe
16:37 Forging
16:33 Scale Mail Armor
17:35 Bow Saw
18:43 Iron Casting
17:57 Horse Collar
19:25 Wheelbarrow
19:23 Squires
23:04 Chain Mail Armor
23:52 Heavy Plow
24:03 Town Watch
29:25 Crossbowman
30:10 Thumb Ring
29:58 Fletching
30:09 Padded Archer Armor
32:44 Imperial Age
31:07 Fortified Wall
31:07 Masonry
33:32 Hand Cart
35:27 Ballistics
35:21 Town Patrol
38:24 Arbalester
39:28 Bodkin Arrow
39:50 Great Wall
41:36 Bloodlines
41:27 Husbandry
40:47 Cavalier
43:38 Two-Man Saw
Fighting_Capercaillie
5:14 Loom
10:38 Feudal Age
17:23 Castle Age
17:31 Wheelbarrow
18:24 Double-Bit Axe
18:31 Gold Mining
21:57 Gold Shaft Mining
21:13 Stone Mining
21:50 Bow Saw
21:41 Fletching
21:57 Scale Barding Armor
23:33 Horse Collar
24:16 Padded Archer Armor
28:53 Squires
28:14 Pikeman
28:41 Gambesons
29:27 Heavy Plow
33:38 Imperial Age
32:02 Ballistics
32:31 Stone Shaft Mining
33:06 Chain Barding Armor
35:28 Chemistry
34:37 Halberdier
35:32 Scale Mail Armor
35:28 Bodkin Arrow
36:12 Plate Barding Armor
35:48 Forging
36:53 Thumb Ring
36:54 Husbandry
36:16 Light Cavalry
38:17 Chain Mail Armor
37:58 Bodkin Arrow
39:51 Iron Casting
39:46 Plate Mail Armor
40:15 Crop Rotation
40:51 Conscription
40:26 Heavy Cavalry Archer
41:58 Leather Archer Armor
42:50 Hand Cart
42:56 Bracer
Gurk Han
7:48 Loom
11:18 Feudal Age
13:59 Double-Bit Axe
16:57 Castle Age
16:34 Forging
19:48 Pikeman
21:44 Elite Skirmisher
22:37 Town Watch
26:34 Fletching
30:39 Imperial Age
30:27 Squires
31:23 Wheelbarrow
35:02 Halberdier
36:29 Iron Casting
37:42 Gold Mining
39:01 Bodkin Arrow
40:06 Blast Furnace
THE BRONZE BOMBER
12:07 Feudal Age
16:46 Castle Age
14:48 Double-Bit Axe
16:54 Loom
18:31 Forging
24:27 Scale Mail Armor
24:34 Gold Mining
32:12 Imperial Age
31:06 Iron Casting
30:46 Chain Mail Armor
31:14 Gold Shaft Mining
34:27 Hoardings
33:13 Elite Throwing Axeman
34:14 Conscription
34:28 Ballistics
34:52 Wheelbarrow
36:01 Chemistry
40:59 Stone Mining
42:56 Blast Furnace
42:27 Plate Mail Armor
41:47 Fletching
42:01 Murder Holes
42:16 Masonry
Connection lost

Rejoining the realm…

Still unreachable

The connection could not be restored.

Session expired

The server has moved on; the page needs a fresh start.